 Dungeon Crawl Stone Soup version 0.21.1-1-g345015f (webtiles) character file.

43 Aero the Chiller (level 3, -4/21 HPs)
             Began as an Octopode Ice Elementalist on Feb 13, 2018.
             Shot with a stone by a goblin (7 damage)
             ... on level 2 of the Dungeon.
             The game lasted 00:03:37 (1471 turns).

Aero the Chiller (Octopode Ice Elementalist)        Turns: 1471, Time: 00:03:37

Health: -4/21      AC:  1    Str:  7    XL:     3   Next: 58%
Magic:  5/7        EV: 13    Int: 18    God:
Gold:   94         SH:  4    Dex: 12    Spells: 5/8 levels left

rFire    . . .     SeeInvis .   d - +0 dagger
rCold    . . .     Gourm    .   g - +0 buckler
rNeg     . . .     Faith    .   (helmet restricted)
rPois    .         Spirit   .   (no amulet)
rElec    .         Reflect  .   (no ring)
rCorr    .         Harm     .   (no ring)
MR       .....                  (no ring)
Stlth    +++.......             (no ring)
HPRegen  0.07/turn              (no ring)
MPRegen  0.10/turn              (no ring)
                                (no ring)
                                (no ring)

@: no status effects
A: almost no armour, stealthy swim, amphibious, 8 rings, constrict 8, camouflage
1, gelatinous body 1
a: no special abilities


You were on level 2 of the Dungeon.
You were not hungry.

You visited 1 branch of the dungeon, and saw 2 of its levels.

You collected 94 gold pieces.

Inventory:

Hand Weapons
 d - a +0 dagger (weapon)
Armour
 g - a +0 buckler (worn)
Jewellery
 h - an uncursed ring of see invisible {unknown}
Scrolls
 e - 3 scrolls of identify {unknown}
Potions
 c - 3 potions of curing {unknown}
Books
 a - a book of Frost

   Spells                             Type                      Level
   a - Freeze                         Ice                          1
   b - Throw Frost                    Conjuration/Ice              2
   c - Ozocubu's Armour               Charms/Ice                   3
   d - Throw Icicle                   Conjuration/Ice              4
   e - Summon Ice Beast               Ice/Summoning                4
Comestibles
 b - a ration
 f - 2 chunks of flesh


   Skills:
 - Level 2.0 Dodging
 - Level 2.6 Stealth
 + Level 1.9 Shields
 - Level 3.0 Spellcasting
 - Level 1.0 Conjurations
 - Level 3.0 Ice Magic


You had 5 spell levels left.
You knew the following spells:

 Your Spells              Type           Power        Failure   Level  Hunger
a - Freeze                Ice            ##..         6%          1    None
b - Throw Frost           Conj/Ice       #.....       14%         2    ##.....


Dungeon Overview and Level Annotations

Branches:
Dungeon (2/15)

Altars:


Innate Abilities, Weirdness & Mutations

You cannot wear most types of armour.
You are very stealthy in the water. (Stealth+)
You are amphibious.
You can wear up to eight rings at the same time.
You can use your tentacles to constrict eight enemies at once.
Your skin changes colour to match your surroundings (Stealth+).
Your rubbery body absorbs attacks. (AC +1, EV +1)


Message History

Found an escape hatch in the floor.
A kobold comes into view. It is wielding a whip.
The goblin shoots a stone.
The stone closely misses you.
A hobgoblin comes into view. It is wielding a club.
The goblin shoots a stone.
The stone hits you.
* * * LOW HITPOINT WARNING * * *
You see here a stone.
A leopard gecko comes into view.
A frilled lizard comes into view.
The frilled lizard hisses angrily.
The hobgoblin shouts!
The leopard gecko hisses angrily.
The goblin shoots a stone.
You block the stone.
You see here a stone.
You see here a scroll labeled ALIAXU ADWAUL.
The frilled lizard hisses.
You block the leopard gecko's attack. The leopard gecko closely misses you.
Found 13 gold pieces.
The goblin shoots a stone.
The stone hits you!
You die...

.....#.# #..........# .....#.#
#(..(......# ...^.#g#
#........### .....#.#
#..g(g...# .......# #...?....#
#..#.#.# #.r...>..# # #g###
#gg......# ####.# #.l.l....#
...#g# #.@......# ##.#.#
#........# .....# #........#
##.### #........# #$#
#........# #.####### #........#
#.g.g...######....$...#
#####.....#<###################
#.....#.# #..............


You could see 2 gnolls, a leopard gecko, a hobgoblin, a goblin, a frilled lizard
and a rat.

Vanquished Creatures
  An adder (D:2)
  A gnoll (D:2)
  A dart slug (D:1)
  2 leopard geckos (D:1)
  A bat (D:2)
  4 hobgoblins
  3 jackals (D:1)
  2 kobolds (D:1)
  2 goblins
  4 rats (D:1)
21 creatures vanquished.

Notes
Turn   | Place    | Note
-------+----------+-------------------------------------------
     0 | D:1      | Aero the Octopode Ice Elementalist began the quest for the Orb.
     0 | D:1      | Reached XP level 1. HP: 11/11 MP: 3/3
   217 | D:1      | Reached XP level 2. HP: 17/17 MP: 3/5
   221 | D:1      | Learned a level 2 spell: Throw Frost
  1222 | D:2      | Reached XP level 3. HP: 21/21 MP: 5/7
  1225 | D:2      | Reached skill level 1 in Shields
  1434 | D:2      | Found a faded altar of an unknown god.
  1471 | D:2      | Shot with a stone by a goblin

Skill      XL: |  1  2  3 |
---------------+----------+-----
Spellcasting   | 3 |  3.0
Shields        | 1 |  1.9
Dodging        | |  2.0
Stealth        | |  2.6
Conjurations   | |  1.0
Ice Magic      | |  3.0

Action                   || total
-------------------------++-------
Melee: Dagger            ||    32
       Tentacles         ||     6
       Constrict         ||     5
 Cast: Freeze            ||    10
       Throw Frost       ||     6
 Stab: Sleeping          ||     9
  Eat: Chunk             ||     2
Armor: Skin              ||     4
Dodge: Dodged            ||    22
Block: Buckler           ||     4
